Map: Tourmaline LE

Players

Thisisafilm

  • Race: Terran Terran
  • Spawn Location: 7:00

VOD

Have the link to the VOD?

Description

Time

  • Played on: Feb. 24, 2026, 4:20 p.m.
  • Length: 23:21
Show
View Real Time Build Order
Export as new Build Order

Thisisafilm Terran 

Build Orders:  

Get SALT Encoding   

  12  0:05  SCV  
  13  0:22  SCV  
  14  0:35  Supply Depot  
  14  0:39  SCV  
  15  1:01  Supply Depot  
  15  1:05  SCV  
  16  1:22  SCV  
  16  1:27  Barracks  
  17  1:39  SCV  
  18  1:54  Barracks  
  18  1:56  SCV  
  19  2:08  Refinery  
  19  2:13  SCV  
  20  2:21  Refinery  
  20  2:30  SCV  
  21  2:40  Marine  
  22  3:03  Marine  
  22  3:05  Marine  
  24  3:21  Bunker  
  24  3:28  Marine  
  25  3:30  Marine  
  26  3:53  Marine  
  26  3:54  Marine  
  28  4:01  Factory  
  28  4:18  Marine  
  28  4:19  Marine  
  30  4:35  Command Center  
  30  4:43  Marine  
  31  5:04  Supply Depot  
  31  5:08  Supply Depot  
  31  5:31  Factory Tech Lab, Bunker  
  31  5:34  Marine x2  
  33  5:44  SCV  
  34  5:59  Marine  
  35  6:00  Starport  
  35  6:01  SCV  
  36  6:18  SCV  
  37  6:23  Bunker  
  37  6:35  SCV  
  38  6:40  Engineering Bay  
  38  6:52  SCV  
  39  7:02  Armory  
  39  7:03  Medivac  
  39  7:05  Refinery  
  41  7:21  Missile Turret  
  41  7:25  SCV  
  42  7:42  SCV  
  42  7:43  Orbital Command  
  42  7:45  Medivac  
  45  7:53  Terran Infantry Weapons Level 1  
  45  7:59  SCV  
  46  8:16  SCV  
  43  8:31  Bunker  
  42  9:16  Bunker  
  42  9:23  Thor  
  48  9:48  Bunker  
  48  9:58  Medivac  
  50  10:23  Thor  
  56  10:33  Terran Infantry Armor Level 1  
  56  10:40  Medivac  
  58  10:55  Supply Depot  
  58  11:02  Barracks Reactor  
  58  11:06  Barracks Reactor  
  58  11:22  Medivac  
  58  11:29  Thor  
  66  12:12  Marine x2  
  66  12:19  Marine x2  
  70  12:45  Refinery  
  70  12:50  Supply Depot  
  70  13:03  Supply Depot  
  70  13:20  Marine x4, SCV  
  75  13:33  Thor, Hi-Sec Auto Tracking  
  75  13:37  SCV  
  82  13:45  Marine x4  
  86  13:56  Starport Tech Lab  
  86  14:10  SCV, Marine x4  
  84  14:27  SCV  
  84  14:35  Marine x2  
  86  14:59  Supply Depot  
  86  15:13  Supply Depot  
  86  15:14  Supply Depot  
  86  15:29  Thor, Marine x2  
  94  15:43  Marine x2, SCV  
  97  15:53  Structure Armor  
  97  15:54  Marine x2  
  97  15:57  Barracks  
  99  16:08  Marine x2  
  101  16:18  Marine x2  
  103  16:32  Marine x2  
  105  16:43  Marine x2  
  105  16:45  SCV  
  108  16:53  Terran Infantry Weapons Level 2  
  108  16:57  Marine x2  
  110  17:01  Bunker  
  110  17:16  Command Center  
  110  17:17  Supply Depot  
  110  17:24  Supply Depot  
  110  17:47  SCV  
  111  17:56  Command Center  
  111  18:04  SCV  
  112  18:11  Bunker  
  112  18:12  Medivac  
  114  18:21  SCV  
  114  18:28  Barracks Tech Lab  
  115  18:54  Medivac  
  115  18:58  Starport  
  117  19:06  Fusion Core  
  117  19:19  Marine  
  118  19:20  Marine  
  118  19:26  Marine  
  118  19:27  Marine  
  121  19:36  Medivac  
  123  19:44  Barracks, Marine  
  123  19:45  Marine  
  123  19:47  SCV  
  126  19:51  Marine  
  126  19:52  Marine  
  128  20:01  SCV  
  128  20:03  Terran Infantry Armor Level 2  
  128  20:04  SCV  
  128  20:09  Marine  
  131  20:10  Marine  
  131  20:16  Marine  
  131  20:17  Marine  
  131  20:18  Medivac  
  135  20:21  SCV  
  135  20:34  Marine x2  
  135  20:38  SCV  
  135  20:41  Marine  
  135  20:42  Marine  
  129  20:55  SCV  
  109  21:00  Medivac  
  110  21:42  Starport Tech Lab  
Tags
 
Add a new tag
Caveats
  • Supply blocks, unpowered buildings, or Contaminate may cause inaccurate times.
  • Supply counts are checked every 10 seconds.